 Dungeon Crawl Stone Soup version 0.17.2-1-ge4368a0 (webtiles) character file.

286 rlgrobin the Skirmisher (level 6, -5/51 HPs)
             Began as a Mummy Monk on Apr 19, 2017.
             Slain by Duvessa
             ... wielding a +0 short sword
              (7 damage)
             ... on level 6 of the Dungeon.
             The game lasted 00:09:33 (5722 turns).

rlgrobin the Skirmisher (Mummy Monk)                Turns: 5722, Time: 00:09:33

Health: -5/51      AC:  3    Str: 14    XL:     6   Next: 8%
Magic:  6/6        EV: 13    Int:  9    God:
Gold:   203        SH:  0    Dex: 21    Spells: 0 memorised, 5 levels left

rFire  x . .     SeeInvis .       - Unarmed
rCold  + . .     Clarity  .     (no armour)
rNeg   + + +     SustAt   .     (no shield)
rPois  ∞         Gourm    .     f - +1 hat
rElec  .         Spirit   .     (no cloak)
rCorr  .         Warding  .     d - +1 pair of gloves
rMut   .         Stasis   .     (no boots)
MR     .....                    (no amulet)
Stlth  ++........               (no ring)
                                l - +4 ring of dexterity

@: not resistant to hostile enchantments, unstealthy
A: no food or potions, fire vulnerability, cold resistance 1, negative energy
resistance 3, torment resistance, unbreathing
a: no special abilities


You were on level 6 of the Dungeon.
You were not hungry.

You visited 1 branch of the dungeon, and saw 6 of its levels.

You collected 203 gold pieces.


Innate Abilities, Weirdness & Mutations

You do not eat or drink.
Your flesh is vulnerable to fire.
You are immune to poison.
Your flesh is cold resistant.
You are immune to negative energy.
You are immune to unholy pain and torment.
You can survive without breathing.


   Skills:
 - Level 5.1 Fighting
 - Level 2.4 Dodging
 - Level 1.5 Stealth
 + Level 0.2 Shields
 - Level 5.0 Unarmed Combat


You had 5 spell levels left.
You didn't know any spells.

Inventory:

Armour
 d - a +1 pair of gloves (worn)
 f - a +1 hat (worn)
 g - a +2 shield of reflection
Jewellery
 e - an uncursed amulet of resist corrosion {unknown}
 i - an uncursed ring of wizardry
 l - a +4 ring of dexterity (left hand)
Scrolls
 a - 2 scrolls of random uselessness
 b - a scroll of fog
 c - 2 scrolls of identify {@r1}
 h - 2 scrolls of teleportation {@r4}
 k - a scroll of noise {!r}
 m - 3 scrolls of remove curse

Dungeon Overview and Level Annotations

Branches:
Dungeon (6/15)
 Temple: D:4-7

Altars:

Annotations:
D:3 Distro, Terence
D:5 Grinder
D:6 exclusions: 2 orcs, orc warrior, phantom, scorpion and 1 more exclusion, Dowan, Duvessa

▒.▒!................
▒.▒..▒▒▒.........▒▒.
▒....▒ ▒.........▒▒▒
▒.▒..▒▒▒..▒▒▒▒▒.....
▒........▒▒ ▒..▒▒.
▒)▒▒▒▒..▒▒▒▒▒▒▒..▒▒.
▒.▒▒▒▒..............
▒.e..eo.........▒...
▒▒▒M▒▒.▒........▒.▒.
▒▒.▒▒.▒........▒.▒>
▒.....▒.......▒▒.▒.
▒..▒▒▒▒....... ▒.▒.
▒..▒▒▒▒....... ▒...
▒.......▒▒▒▒▒▒ ▒▒▒.
▒▒.▒▒▒▒▒▒▒ ▒.
▒...▒▒▒▒ ▒. ▒.▒....▒
▒▒ ▒.


You could see Duvessa, Dowan and an orc.


Message History

Level annotation: exclusions: 2 orcs, orc warrior, phantom, scorpion and 1 more exclusion, Dowan, Duvessa The orc hits you but does no damage!
Duvessa hits you with a short sword! * * * don't die
* * *
There is a stone staircase leading up here!
You take 5 damage, and have 4/51 hp!
Read which item? (? for menu, Esc to quit)
As you read the scroll of fear, it crumbles to dust!
You assume a fearsome visage!
Duvessa looks frightened!!!
The orc looks frightened!!!
The orc wizard looks frightened!!!
The orc looks frightened!!!
The orc priest looks frightened!!!
The orc wizard casts a spell!
The orc wizard flickers and vanishes!!!
Deactivating autopickup; reactivate with Ctrl-A!
Unknown command!
Unknown command!
You are no longer glowing!
Cornered, the orc turns to fight!!!
Dowan hits you with a dagger of distortion! * * * don't die
* * * Space bends around you! * * * don't die
* * * You take 3 damage, and have 1/51 hp!
Unknown command!
You see here a lumpy dark potion!
Dowan closely misses you!
Dowan casts a spell!
Dowan blinks!!!
Duvessa seems to regain her courage!
Duvessa hits you with a short sword!!! rip

Action                   |  1- 3 |  4- 6 || total
-------------------------+-------+-------++-------
Melee: Unarmed           |   182 |   144 ||   326
  Use: Scroll            |     5 |     5 ||    10
 Stab: Sleeping          |     4 |     2 ||     6

Vault maps used:
D:1:      dpeg_arrival_houses_and_road
D:3:      uniq_terence
D:4:      first_bread, serial_shops, shop
D:5:      elyvilon_altar_5, uniq_grinder
D:6:      portal_sewer_entry_e, uniq_duvessa

Notes
Turn   | Place    | Note
--------------------------------------------------------------
     0 | D:1      | rlgrobin the Mummy Monk began the quest for the Orb.
     0 | D:1      | Reached XP level 1. HP: 18/18 MP: 1/1
   754 | D:2      | Reached XP level 2. HP: 5/24 MP: 2/2
  1048 | D:2      | Reached skill level 4 in Unarmed Combat
  1308 | D:2      | Reached XP level 3. HP: 25/29 MP: 3/3
  2474 | D:3      | Noticed Terence
  2753 | D:3      | Reached XP level 4. HP: 16/35 MP: 4/4
  3243 | D:3      | Reached skill level 5 in Unarmed Combat
  4290 | D:5      | Entered Level 5 of the Dungeon
  4307 | D:5      | Reached XP level 5. HP: 23/41 MP: 5/5
  4675 | D:5      | Noticed Grinder
  4772 | D:6      | Noticed an orc warrior
  4804 | D:6      | Noticed a phantom
  4829 | D:6      | Reached skill level 4 in Fighting
  5211 | D:6      | Reached skill level 5 in Fighting
  5211 | D:6      | Reached XP level 6. HP: 33/51 MP: 6/6
  5221 | D:6      | Noticed Dowan
  5223 | D:6      | Noticed Duvessa
  5709 | D:6      | HP: 4/51 [Duvessa/short sword (5)]
  5712 | D:6      | HP: 1/51 [Dowan/dagger of distortion (2)]
  5722 | D:6      | Slain by Duvessa

Vanquished Creatures
  A giant frog (D:6)
  A giant frog skeleton (D:6)
  A hound (D:6)
  4 adders
  4 gnolls (D:3)
  A shadow imp (D:6)
  3 worms (D:2)
  2 giant geckos
  5 orcs
  2 giant cockroaches
  7 hobgoblins
  11 jackals
  4 kobolds
  A quokka (D:5)
  7 bats
  2 giant newts
  5 goblins (D:2)
  7 rats
68 creatures vanquished.
